 Dungeon Crawl Stone Soup version 0.25.1-2-g60ff931df9 (webtiles) character file.

Game seed: 13774434806466025050

2667 gruber the Tainter (level 9, -6/51 HPs)
             Began as an Octopode Venom Mage on Nov 3, 2020.
             Was an Initiate of Vehumet.
             Mangled by a four-headed hydra (14 damage)
             ... on level 8 of the Dungeon.
             The game lasted 00:09:36 (9718 turns).

gruber the Tainter (Octopode Venom Mage)            Turns: 9718, Time: 00:09:36

Health: -6/51      AC:  1    Str: 13    XL:     9   Next: 63%
Magic:  8/15       EV: 13    Int: 20    God:    Vehumet [......]
Gold:   462        SH:  0    Dex: 13    Spells: 5/16 levels left

rFire    . . .     SeeInvis .   y - +2 trident (vamp)
rCold    . . .     Gourm    .   (no shield)
rNeg     + . .     Faith    .   (helmet restricted)
rPois    .         Spirit   .   (no amulet)
rElec    .         Reflect  .   i - +6 ring of strength
rCorr    .         Harm     .   k - ring of positive energy
MR       .....                  (no ring)
Stlth    ++........             (no ring)
HPRegen  0.17/turn              (no ring)
MPRegen  0.14/turn              (no ring)
                                (no ring)
                                (no ring)

@: confused
A: almost no armour, stealthy swim, amphibious, 8 rings, constrict 8, camouflage
1, gelatinous body 1
a: Renounce Religion


You were on level 8 of the Dungeon.
You worshipped Vehumet.
Vehumet was noncommittal.
You were not hungry.

You visited 2 branches of the dungeon, and saw 9 of its levels.

You collected 462 gold pieces.

Inventory:

Hand Weapons
 q - a +0 trident
 y - a +2 vampiric trident (weapon)
Magical Staves
 x - an uncursed staff of wizardry
Jewellery
 i - a +6 ring of strength (left tentacle)
 k - a ring of positive energy (right tentacle)
Wands
 t - a wand of acid (9)
Scrolls
 a - 11 scrolls of identify {unknown}
 d - 7 scrolls of remove curse {unknown}
 g - 3 scrolls of immolation {unknown}
 h - 4 scrolls of amnesia {unknown}
 j - a scroll of fog {unknown}
 m - a scroll of magic mapping {unknown}
 n - a scroll of blinking {unknown}
 v - a scroll of enchant weapon {unknown}
 w - 2 scrolls of teleportation {unknown}
 B - a scroll of vulnerability {unknown}
Potions
 c - a potion of flight {unknown}
 e - a potion of degeneration {unknown}
 f - a potion of lignification {unknown}
 l - a potion of haste {unknown}
 o - a potion of berserk rage {unknown}
 p - 2 potions of mutation {unknown}
 r - 2 potions of heal wounds {unknown}
 s - a potion of ambrosia {unknown}
 u - 3 potions of curing {unknown}
 A - a potion of stabbing {unknown}
Comestibles
 b - 10 rations
 z - 5 chunks of flesh


   Skills:
 - Level 2.0 Dodging
 - Level 2.6 Stealth
 - Level 4.2 Spellcasting
 - Level 1.0 Transmutations
 * Level 14.2 Poison Magic


You had 5 spell levels left.
You knew the following spells:

 Your Spells              Type           Power        Failure   Level  Hunger
a - Sting                 Tmut/Pois      ####         1%          1    None
b - Mephitic Cloud        Conj/Pois/Air  ###.....     5%          3    ###....
c - Olgreb's Toxic Radia  Pois           ######..     1%          4    ####...
d - Ignite Poison         Fire/Tmut/Pois ###.....     4%          3    ###....

Your spell library contained the following spells:

 Spells                   Type           Power        Failure   Level  Hunger
 Poisonous Vapours        Pois/Air       ####..       1%          2    #......
 Foxfire                  Conj/Fire      #...         13%         1    None
 Shock                    Conj/Air       #...         13%         1    None
 Swiftness                Chrm/Air       #.......     19%         2    #......
 Static Discharge         Conj/Air       #.......     36%         3    ###....
 Airstrike                Air            #.........   77%         4    ####...
 Lightning Bolt           Conj/Air       #.........   98%         5    ######.


Dungeon Overview and Level Annotations

Branches:
Dungeon (8/15)             Temple (1/1) D:6
   Lair: D:8-11

Altars:
Ashenzari
Cheibriados
Elyvilon
Fedhas
Gozag
Hepliaklqana
Kikubaaqudgha
Makhleb
Nemelex Xobeh
Okawaru
Ru
Sif Muna
Trog
Uskayaw
Vehumet
Xom
Yredelemnul
Zin
The Shining One

Shops:
D:4 (

Annotations:
D:4 2 transporters
D:5 2 runed translucent doors, captivecurve's ghost, novice HOFi


Innate Abilities, Weirdness & Mutations

You cannot wear most types of armour.
You are very stealthy in the water. (Stealth+)
You are amphibious.
You can wear up to eight rings at the same time.
You can use your tentacles to constrict eight enemies at once.
Your skin changes colour to match your surroundings (Stealth+).
Your rubbery body absorbs attacks. (AC +1, EV +1)


Message History

The leopard gecko skeleton is moderately damaged.
The stinking cloud engulfs you but does no damage.
You are engulfed in noxious fumes.
You choke on the stench!
You are confused.
The leopard gecko skeleton closely misses you.
Unknown command.
Unknown command.
You bump into the metal wall.
You are engulfed in noxious fumes.
You choke on the stench!
You are more confused.
The leopard gecko skeleton closely misses you.
The four-headed hydra misses you. The four-headed hydra bites you!
The four-headed hydra bites you!! The four-headed hydra bites you!
* * * LOW HITPOINT WARNING * * *
Unknown command.
The two-headed ogre is engulfed in noxious fumes.
Unknown command.
Unknown command.
You barely miss the four-headed hydra. The four-headed hydra bites you!
You die...

##########################
#.......○OD@..........)..#
.#####(#######Z##.......#####.#
..........# #.##.##.##.#####.#
......O##.####.##..........>..###
...............##.##............#
#####..##.#######.#####.####..#.#
#..# # #.#####.# #..#.# #.).
#....)).####..#.# .....
#.########....#.#


You could see a four-headed hydra, a two-headed ogre and a leopard gecko
skeleton.

Vanquished Creatures
  Maggie (D:8)
  A hippogriff (D:7)
  3 sky beasts
  2 orc warriors (D:7)
  A phantom (D:5)
  3 ogres
  4 centaurs
  2 bullfrogs
  A scorpion (D:7)
  A howler monkey (D:8)
  3 crimson imps
  4 hounds
  A centaur skeleton (D:4)
  2 orc priests
  A bullfrog skeleton (D:5)
  4 iguanas
  5 orc wizards
  5 worker ants
  2 gnolls (D:5)
  2 adders
  4 river rats (D:5)
  A shadow imp (D:7)
  An adder zombie (D:5)
  An adder skeleton (D:7)
  4 worms
  3 dart slugs
  3 leopard geckos
  19 orcs
  5 bats
  2 giant cockroaches (D:2)
  14 goblins
  8 hobgoblins
  3 jackals (D:6)
  A quokka (D:7)
  A ball python (D:3)
  4 frilled lizards
  A jackal zombie (D:5)
  7 kobolds
  A leopard gecko zombie (D:7)
  2 quokka skeletons
  10 rats
143 creatures vanquished.

Vanquished Creatures (others)
  A plant (D:5)
1 creature vanquished.

Grand Total: 144 creatures vanquished

Notes
Turn   | Place    | Note
-------+----------+-------------------------------------------
     0 | D:1      | gruber the Octopode Venom Mage began the quest for the Orb.
     0 | D:1      | Reached XP level 1. HP: 11/11 MP: 3/3
   125 | D:1      | Reached skill level 4 in Poison Magic
   181 | D:1      | Reached XP level 2. HP: 11/17 MP: 0/5
   925 | D:1      | Reached XP level 3. HP: 15/21 MP: 1/6
   933 | D:1      | Reached skill level 5 in Poison Magic
  1339 | D:2      | Found a faded altar of an unknown god.
  1652 | D:2      | Learned a level 3 spell: Mephitic Cloud
  2502 | D:3      | Reached XP level 4. HP: 27/27 MP: 1/7
  2625 | D:3      | Reached skill level 6 in Poison Magic
  3057 | D:3      | Found an opulent altar of Gozag.
  3568 | D:3      | Found a shimmering blue altar of Sif Muna.
  3581 | D:3      | Reached XP level 5. HP: 31/31 MP: 3/9
  3667 | D:3      | Identified Sif Muna's Guide on Fire
  3830 | D:3      | Learned a level 4 spell: Olgreb's Toxic Radiance
  3876 | D:4      | Noticed an ice beast
  4195 | D:4      | Found Pag Hasy's Weapon Shoppe.
  4220 | D:4      | Found a sacrificial altar of Ru.
  4235 | D:4      | Learned a level 3 spell: Ignite Poison
  4321 | D:4      | Reached XP level 6. HP: 20/36 MP: 10/12
  4477 | D:4      | Found a transporter.
  4568 | D:4      | Found a basalt altar of Yredelemnul.
  4736 | D:4      | Found a transporter.
  4843 | D:4      | Reached skill level 7 in Poison Magic
  5014 | D:5      | Entered Level 5 of the Dungeon
  5050 | D:5      | Noticed a sky beast
  5382 | D:5      | Found a runed translucent door.
  5383 | D:5      | Killed a sky beast
  5383 | D:5      | Reached skill level 8 in Poison Magic
  5383 | D:5      | Reached XP level 7. HP: 41/41 MP: 1/13
  5487 | D:5      | Found a runed translucent door.
  5487 | D:5      | Noticed captivecurve's ghost (novice HOFi)
  5756 | D:5      | Reached skill level 9 in Poison Magic
  6387 | D:5      | Reached skill level 10 in Poison Magic
  6387 | D:5      | Reached XP level 8. HP: 38/46 MP: 2/14
  6612 | D:5      | Found a glowing golden altar of the Shining One.
  6738 | D:6      | Found a staircase to the Ecumenical Temple.
  6866 | D:6      | Found an iron altar of Okawaru.
  7447 | D:6      | Reached skill level 11 in Poison Magic
  7893 | D:7      | Found a hazy altar of Hepliaklqana.
  8021 | D:7      | Reached skill level 12 in Poison Magic
  8130 | D:7      | Noticed a hippogriff
  8135 | D:7      | Killed a hippogriff
  8135 | D:7      | Reached XP level 9. HP: 51/51 MP: 7/15
  8196 | D:7      | Found a bloodstained altar of Trog.
  8513 | D:7      | Found a shimmering altar of Xom.
  8552 | D:7      | Reached skill level 13 in Poison Magic
  9056 | Temple   | Entered the Ecumenical Temple
  9279 | Temple   | Became a worshipper of Vehumet
  9403 | D:8      | Noticed Maggie
  9407 | D:8      | Killed Maggie
  9567 | D:8      | Reached skill level 14 in Poison Magic
  9698 | D:8      | Noticed a four-headed hydra
  9699 | D:8      | Noticed a two-headed ogre
  9718 | D:8      | Mangled by a four-headed hydra

Illustrated notes

Levels and vault maps discovered:
D:1:      dpeg_chamrin_arrival_tetris, layout_basic
D:2:      layout_basic, chequers_ecumenical_altar_simple_redux
D:3:      layout_basic, grunt_gozag_statues, led_sif_book
D:4:      gammafunk_wand_slinger, layout_basic, yredelemnul_altar_generic,
          serial_shops, nicolae_shop_crystal, kennysheep_diamond,
          nicolae_ru_awakened_eye
D:5:      wad_woods_tower, layout_loops_ring, overflow_temple_1_default,
          ebering_ghost_sewer_f, first_ration
D:6:      layout_layer_cave, okawaru_gym_becter,
          minmay_temple_entry_purple_smoke
D:7:      layout_rooms, lightli_temple_of_fire, hangedman_feature_mirror
D:8:      layout_loops_ring, minitemple, serial_shops, nicolae_shop_waterfront,
          uniq_maggie, uniq_joseph
Temple:   nicolae_temple_figure_eight

Skill      XL: |  1  2  3  4  5  6  7  8  9 |
---------------+----------------------------+-----
Poison Magic   | 4 5 6 8 10 12 14 | 14.2
Spellcasting   | 3 4 |  4.2
Dodging        | |  2.0
Stealth        | |  2.6
Transmutations | |  1.0

Action                   |  1- 3 |  4- 6 |  7- 9 || total
-------------------------+-------+-------+-------++-------
Melee: Unarmed           |    60 |    40 |       ||   100
       Constrict         |    19 |    23 |    15 ||    57
       Tentacles         |    11 |    26 |    10 ||    47
       Trident           |       |    32 |    70 ||   102
 Cast: Sting             |    47 |    27 |       ||    74
       Olgreb's Toxic Ra |       |    12 |    40 ||    52
       Ignite Poison     |       |       |    17 ||    17
       Mephitic Cloud    |       |       |     4 ||     4
 Stab: Sleeping          |     5 |     4 |       ||     9
  Eat: Chunk             |     5 |    11 |    19 ||    35
       Ration            |       |       |     1 ||     1
Armor: Skin              |    11 |     6 |     1 ||    18
Dodge: Dodged            |    66 |    35 |    25 ||   126
